 Dungeon Crawl Stone Soup version 0.31-a0-700-gf13585253f (webtiles) character file.

Game seed: 8708277414806454742

167 qw the Shooter (level 5, -2/32 HPs)
             Began as a Gargoyle Hunter on Sept 7, 2023.
             Slain by a wyvern (5 damage)
             ... on level 4 of the Dungeon.
             The game lasted 00:00:53 (2103 turns).

qw the Shooter (Gargoyle Hunter)                    Turns: 2103, Time: 00:00:54

Health: -2/32      AC:  7    Str: 21      XL:     5   Next: 48%
Magic:  5/5        EV: 12    Int:  8 (9)  God:
Gold:   143        SH:  0    Dex: 17 (18) Spells: 4/4 levels left

rFire   + . .        Y - +2 shortbow
rCold   . . .        (shield currently unavailable)
rNeg    + . .        c - +0 leather armour
rPois   inf          (no helmet)
rElec   +            (no cloak)
rCorr   .            (no gloves)
SInv    .            (no boots)
Will    +....        (no amulet)
Stlth   ++           b - ring "Rarhuc" {Contam rF+ Will+ Str+6 Dex+3}
HPRegen 0.25/turn    (no ring)
MPRegen 0.09/turn

%: no passive effects
@: no status effects
A: sickness immunity, AC +4, negative energy resistance 1, electricity
resistance, torment resistance 1, petrification resistance
a: no special abilities


You were on level 4 of the Dungeon.
You visited 1 branch of the dungeon, and saw 4 of its levels.

You collected 143 gold pieces.


Innate Abilities, Weirdness & Mutations

You are immune to sickness and miasma.
Your stone body is resilient. (AC +4)
You are immune to poison.
You resist negative energy. (rN+)
You are resistant to electric shocks. (rElec)
You are resistant to unholy torment.
You are immune to petrification.


   Skills:
 + Level 3.2 Fighting
 - Level 6.1 Ranged Weapons
 - Level 1.5 Dodging
 - Level 1.1 Stealth


You had 4 spell levels left.
You didn't know any spells.
Your spell library was empty.

Inventory:

Hand Weapons
 Y - a +2 shortbow (weapon)
Armour
 c - a +0 leather armour (worn)
Jewellery
 b - the ring "Rarhuc" (left hand) {Contam rF+ Will+ Str+6 Dex+3}
   (You found it on level 3 of the Dungeon)

   [ring of strength]

   Str+6:     It affects your strength (+6).
   Dex+3:     It affects your dexterity (+3).
   rF+:       It protects you from fire.
   Will+:     It increases your willpower.
   Contam:    It causes magical contamination when unequipped.
Potions
 e - a potion of haste {unknown}
 f - a potion of might
 g - 2 potions of curing

Dungeon Overview and Level Annotations

Branches:
Dungeon (4/15)
 Temple: D:4-7

Altars:

Shops:
D:1 (


Message History

The ball python is severely wounded.
You shoot an arrow. The arrow hits the ball python!
You kill the ball python!
A kobold comes into view. It is wielding a +0 whip.
You shoot an arrow. The arrow hits the kobold!
You kill the kobold!
Found a serpent talisman and a whip.
A wyvern comes into view.
The wyvern hisses angrily.
You see here a potion of curing.
You shoot an arrow. The arrow hits the wyvern.
The wyvern is lightly wounded.
You shoot an arrow. The arrow barely misses the wyvern.
You shoot an arrow. The arrow closely misses the wyvern.
The wyvern bites you! The wyvern closely misses you.
You shoot an arrow.
The arrow hits the wyvern but does no damage.
The wyvern is lightly wounded.
The wyvern bites you. x2
You shoot an arrow. The arrow hits the wyvern!
The wyvern is moderately wounded.
The wyvern closely misses you.
You shoot an arrow. The arrow closely misses the wyvern.
The wyvern bites you but does no damage.
The wyvern barely misses you.
You shoot an arrow. The arrow hits the wyvern.
The wyvern is heavily wounded.
The wyvern barely misses you.
You shoot an arrow. The arrow hits the wyvern.
The wyvern is severely wounded.
The wyvern barely misses you. The wyvern bites you.
You shoot an arrow. The arrow barely misses the wyvern.
The wyvern bites you. x2
You shoot an arrow.
The arrow hits the wyvern but does no damage.
The wyvern is severely wounded.
The wyvern bites you. The wyvern bites you!
You shoot an arrow. The arrow barely misses the wyvern.
The wyvern bites you.
You die...

###### ######....#
#....#....#####
######....#.........
.............@%...)..
...####....#..l....|.
+.......#.........
##)##########(....
##.# ..... #.)# ....
#)## .). #.# ###
#.#####)#########


You could see a wyvern.

Vanquished Creatures
  A jelly (D:4)
  An orc wizard (D:4)
  3 adders
  2 dart slugs
  4 orcs
  7 ball pythons
  4 endoplasms
  3 giant cockroaches
  4 goblins
  7 hobgoblins
  8 jackals
  5 quokkas
  3 bats
  3 frilled lizards
  7 kobolds
  6 rats
68 creatures vanquished.

Notes
Turn   | Place    | Note
-------+----------+-------------------------------------------
     0 | D:1      | qw the Gargoyle Hunter began the quest for the Orb.
     0 | D:1      | Reached XP level 1. HP: 12/12 MP: 1/1
     0 | D:1      | 0 ||| qw: Version: 0.3-a-76-g4403597
     0 | D:1      | 0 ||| qw: Game counter: 622
     0 | D:1      | 0 ||| qw: Melee chars always use a shield: true
     0 | D:1      | 0 ||| qw: God list: Okawaru
     0 | D:1      | 0 ||| qw: Allow faded altars: false
     0 | D:1      | 0 ||| qw: Do Orc after clearing Dungeon:15 true
     0 | D:1      | 0 ||| qw: Do second Lair branch before Depths: true
     0 | D:1      | 0 ||| qw: Lair rune preference: random
     0 | D:1      | 0 ||| qw: Goals: Normal
     0 | D:1      | 0 ||| PLANNING D:1-11
    50 | D:1      | Reached XP level 2. HP: 17/17 MP: 2/2
   168 | D:1      | Found Josougg's Antique Weapon Boutique.
   179 | D:1      | You fall into a shaft and drop 1 floor!
   199 | D:2      | 199 ||| DROPPING scarf of harm.
   200 | D:2      | 200 ||| READING scroll labelled BAOCOL XEHUEPN.
   201 | D:2      | 201 ||| DROPPING scroll of butterflies.
   496 | D:1      | Found a faded altar of an unknown god.
   506 | D:1      | Reached XP level 3. HP: 17/21 MP: 3/3
   608 | D:1      | Reached skill level 5 in Ranged Weapons
   703 | D:1      | 703 ||| READING scroll labelled NEOT BAIDIEPHYLIL.
   704 | D:1      | 704 ||| DRINKING 2 metallic grey potions.
   705 | D:1      | 705 ||| DROPPING potion of degeneration.
  1109 | D:2      | Reached skill level 3 in Fighting
  1109 | D:2      | Reached XP level 4. HP: 28/28 MP: 4/4
  1562 | D:2      | 1562 ||| READING 3 scrolls labelled POIBOG CORCHIA.
  1563 | D:2      | 1563 ||| READING scroll labelled HANGONGE NAOTS.
  1564 | D:2      | 1564 ||| READING scroll labelled SOSSOFF JIMERAPE.
  1565 | D:2      | 1565 ||| DRINKING 2 green potions.
  1566 | D:2      | 1566 ||| DROPPING 2 scrolls of immolation.
  1668 | D:3      | Identified the ring "Rarhuc" {Contam rF+ Will+ Str+6 Dex+3}
  1832 | D:3      | 1832 ||| READING scroll of enchant weapon.
  1832 | D:3      | 1832 ||| ENCHANTING +1 shortbow.
  1983 | D:3      | 1983 ||| DROPPING amulet of magic regeneration.
  1984 | D:3      | 1984 ||| UPGRADING to ring "Rarhuc" {Contam rF+ Will+ Str+6
                  | Dex+3}.
  1985 | D:3      | 1985 ||| READING scroll labelled PEOMYT JYZIAJU.
  1986 | D:3      | 1986 ||| DRINKING 2 blue potions.
  2035 | D:4      | Reached XP level 5. HP: 24/32 MP: 5/5
  2072 | D:4      | Reached skill level 6 in Ranged Weapons
  2092 | D:4      | Noticed a wyvern
  2102 | D:4      | HP: 3/32 [wyvern (12)]
  2103 | D:4      | Slain by a wyvern

Levels and vault maps discovered:
D:1:      dpeg_arrival_tiny_a, layout_loops_cross,
          dilly_ecumenical_altar_fadedgnrine, serial_shops, shop
D:2:      layout_loops_corners
D:3:      layout_rooms
D:4:      layout_basic, grunt_ministairs_2

Skill      XL: |  1  2  3  4  5 |
---------------+----------------+-----
Ranged Weapons | 5 6 |  6.1
Fighting       | 3 |  3.2
Dodging        | |  1.5
Stealth        | |  1.1

Action                     |  1- 3 |  4- 6 || total
---------------------------+-------+-------++-------
   Fire: Shortbow          |   107 |   102 ||   209
    Use: Scroll            |     2 |     5 ||     7
         Potion            |     1 |     2 ||     3
 Armour: Leather armour    |    18 |    40 ||    58
  Dodge: Dodged            |    22 |    34 ||    56

Table legend:
 A = Non-vault XP
 B = Vault XP
 C = Vault XP percentage of total XP
 D = Non-vault monster count
 E = Vault monster count
 F = Vault count percentage of total count
                 A         B        C        D         E       F
            +---------+---------+-------+---------+---------+-------
      Total |     239 |       0 |   0.0 |      68 |       0 |   0.0
            +---------+---------+-------+---------+---------+-------
        D:1 |      44 |       0 |   0.0 |      25 |       0 |   0.0
        D:2 |      60 |       0 |   0.0 |      19 |       0 |   0.0
        D:3 |      40 |       0 |   0.0 |      17 |       0 |   0.0
        D:4 |      95 |       0 |   0.0 |       7 |       0 |   0.0
            +---------+---------+-------+---------+---------+-------
